Map: Disco Bloodbath LE

Players

TheoRy

  • Race: Protoss Protoss
  • Spawn Location: 3:00

TurkeyDano - Winner!

  • Race: Protoss Protoss
  • Spawn Location: 9:00

VOD

Have the link to the VOD?

Description

Time

  • Played on: Sept. 6, 2019, 2:17 p.m.
  • Length: 3:35
Show
View Real Time Build Order
Export as new Build Order

TheoRy Protoss 

Build Orders:  

Get SALT Encoding   

  12  0:01  Probe  
  13  0:13  Probe  
  14  0:17  Pylon  
  14  0:25  Probe  
  15  0:35  Gateway  
  15  0:37  Probe  
  15  0:42  Assimilator  
  16  0:49  Probe  
  17  0:55  Assimilator  
  17  1:01  Probe  
  18  1:06  Gateway  
  18  1:13  Probe  
  19  1:21  Zealot  
  21  1:35  Pylon  
  21  1:38  Probe  
  22  1:59  Probe  
  23  2:08  Probe  
  20  2:14  Zealot  
  17  2:29  Probe  
  16  2:41  Probe  
  16  2:42  Cybernetics Core  
  17  2:49  Zealot  
  19  2:53  Probe  
  18  3:18  Probe  
Show
View Real Time Build Order
Export as new Build Order

TurkeyDano Protoss - Winner!

Build Orders:  

Get SALT Encoding   

  1  0:00  Probe  
  12  0:05  Probe  
  14  0:18  Pylon  
  14  0:19  Probe  
  15  0:36  Forge, Probe  
  16  1:02  Probe  
  17  1:11  Pylon  
  17  1:12  Pylon  
  17  1:20  Pylon  
  17  1:22  Pylon  
  17  1:33  Photon Cannon  
  17  1:39  Gateway  
  17  1:40  Photon Cannon  
  17  1:42  Pylon  
  17  1:56  Pylon  
  17  2:00  Photon Cannon  
  15  2:08  Probe  
  15  2:13  Assimilator  
  16  2:18  Probe  
  17  2:26  Probe  
  17  2:28  Cybernetics Core  
  17  2:33  Zealot  
  17  2:34  Assimilator  
  17  2:35  Probe  
  21  2:47  Probe  
  22  2:56  Zealot  
  24  3:07  Photon Cannon  
  24  3:08  Pylon  
Tags
 
Add a new tag
Caveats
  • Supply blocks, unpowered buildings, or Contaminate may cause inaccurate times.
  • Supply counts are checked every 10 seconds.